 Dungeon Crawl Stone Soup version 0.26.1-11-gd32895ea62 (webtiles) character file.

Game seed: 16026881680293683684

353 Arcadio the Skirmisher (level 6, 0/53 (56) HPs)
             Began as a Palentonga Fighter on June 2, 2021.
             Slain by a wight
             ... wielding a +3 mace
              (1 damage)
             ... on level 4 of the Dungeon.
             The game lasted 00:06:14 (4000 turns).

Arcadio the Skirmisher (Palentonga Fighter)         Turns: 4000, Time: 00:06:15

HP:   0/53 (56)     AC:  6    Str: 21    XL:     6   Next: 35%
MP:   6/6           EV:  5    Int:  8    God:
Gold: 209           SH:  9    Dex: 10    Spells: 5/5 levels left

rFire    . . .     SeeInvis +   a - +1 war axe
rCold    . . .     Faith    .   c - +0 kite shield
rNeg     . . .     Spirit   .   b - +0 scale mail
rPois    .         Reflect  .   (no helmet)
rElec    .         Harm     .   (no cloak)
rCorr    .         Rampage  .   (no gloves)
Will     .....                  (no barding)
Stlth    ..........             (no amulet)
HPRegen  0.17/turn              (no ring)
MPRegen  0.10/turn              (no ring)

@: berserk cooldown, slowed, drained, very slow
A: large, rugged brown scales 3, see invisible, deformed body, roll 1, armoured
tail
a: Rolling Charge


You were on level 4 of the Dungeon.
You visited 1 branch of the dungeon, and saw 4 of its levels.

You collected 209 gold pieces.

Inventory:

Hand Weapons
 a - a +1 war axe (weapon)
 g - a +3 great sword
Missiles
 j - 5 curare-tipped darts
Armour
 b - a +0 scale mail (worn)
 c - a +0 kite shield (worn)
 m - a +2 kite shield
 o - a +4 chain mail
 q - a scarf of repulsion
Jewellery
 h - a cursed ring of attention {unknown}
 k - a +6 ring of strength {unknown}
 p - a +4 ring of protection {unknown}
Wands
 r - a wand of enslavement (9)
Scrolls
 e - a scroll of amnesia
 n - 3 scrolls of enchant weapon
Potions
 d - 3 potions of might
 f - 2 potions of flight
 i - a potion of resistance {unknown}
 l - a potion of berserk rage


   Skills:
 + Level 4.4 Fighting
 + Level 3.7 Axes
 + Level 3.6 Armour
 + Level 3.6 Shields


You had 5 spell levels left.
You didn't know any spells.
Your spell library was empty.

Dungeon Overview and Level Annotations

Branches:
Dungeon (4/15)
 Temple: D:4-7

Altars:
Okawaru
Ru


Innate Abilities, Weirdness & Mutations

You are completely covered in rugged brown scales. (AC +3, +7% HP)
You have supernaturally acute eyesight. (SInv)
Armour fits poorly on your strangely shaped body.
You can roll at nearby foes to attack.
You have a long armoured tail.


Message History

A wight is nearby!
A wight is nearby!
A wight is nearby!
You closely miss the wight. You tail-slap the wight.
The wight is lightly damaged.
The wight hits you with a +3 mace.
You hit the wight.
The wight is heavily damaged.
The wight barely misses you. The wight hits you with a +3 mace.
You hit the wight.
The wight is heavily damaged.
The wight hits you with a +3 mace!
* * * LOW HITPOINT WARNING * * *
You feel drained. The wight hits you with a +3 mace!
* * * LOW HITPOINT WARNING * * *
Found 5 gold pieces.
The wight hits you with a +3 mace.
* * * LOW HITPOINT WARNING * * *
You feel drained.
You die...

..# ##.# ## ...#
..# #### . ..#
#... ..# .#
......... ..### .#
#.##..# #...#..##
#.....# #.
#.$......
####..#..###.
#@...$...
.........###_
+z####.##
####.#...###. #.#
#........# #. #z#
#........###'###.#
.................#
...........##<..##
.....<.........##
.........#.##....


You could see 2 wights.

Vanquished Creatures
  3 wights (D:4)
  A hound (D:4)
  2 orc priests (D:3)
  An orc wizard (D:3)
  A worker ant (D:3)
  2 adders
  An ooze (D:4)
  3 dart slugs
  2 leopard geckos
  6 orcs (D:3)
  6 giant cockroaches
  5 goblins
  5 hobgoblins
  4 jackals (D:2)
  A ball python (D:1)
  4 bats
  5 frilled lizards
  7 kobolds
  A leopard gecko skeleton (D:4)
60 creatures vanquished.

Notes
Turn   | Place    | Note
-------+----------+-------------------------------------------
     0 | D:1      | Arcadio the Palentonga Fighter began the quest for the Orb.
     0 | D:1      | Reached XP level 1. HP: 20/20 MP: 1/1
   252 | D:1      | Reached XP level 2. HP: 20/27 MP: 2/2
  1122 | D:2      | Found a sacrificial altar of Ru.
  1295 | D:2      | Reached XP level 3. HP: 33/33 MP: 3/3
  2193 | D:3      | Reached XP level 4. HP: 17/40 MP: 4/4
  2228 | D:2      | HP: 2/40 [adder (1)]
  2950 | D:3      | Reached XP level 5. HP: 24/49 MP: 5/5
  3436 | D:4      | Reached skill level 4 in Fighting
  3962 | D:4      | Found an iron altar of Okawaru.
  3973 | D:4      | Reached XP level 6. HP: 28/55 MP: 6/6
  4000 | D:4      | HP: 1/54 [wight/+3 mace (2)]
  4000 | D:4      | Slain by a wight

Illustrated notes

Levels and vault maps discovered:
D:1:      eino_arrival_druids_welcome, layout_basic, amcnicky_mini_pool_small
D:2:      layout_loops_corners, overflow_temple_1_default, serial_bayou_pond_d,
          tgw_xom
D:3:      layout_rooms
D:4:      minmay_diamond_boxcup, layout_rooms, lemuel_doored_altar,
          gammafunk_temple_overflow_wave

Skill      XL: |  1  2  3  4  5 |
---------------+----------------+-----
Shields        | 3 |  3.6
Armour         | 3 |  3.6
Axes           | 3 |  3.7
Fighting       | 4 |  4.4

Action                   |  1- 3 |  4- 6 || total
-------------------------+-------+-------++-------
Melee: War axe           |    96 |    65 ||   161
       Tailslap          |     7 |     5 ||    12
  Use: Scroll            |     8 |     1 ||     9
       Potion            |       |     4 ||     4
Armor: Scale mail        |    68 |    30 ||    98
Dodge: Dodged            |    34 |    20 ||    54
Block: Kite shield       |    58 |    31 ||    89
